 Dungeon Crawl Stone Soup version 0.29.0-4-gdea44cf6ec (webtiles) character file.

Game seed: 6484552547290967174

21 qw the Chopper (level 2, -1/17 HPs)
             Began as a Tengu Warper on Aug 28, 2022.
             Succumbed to their own poison gas
             ... on level 1 of the Dungeon.
             The game lasted 00:00:06 (1478 turns).

qw the Chopper (Tengu Warper)                       Turns: 1478, Time: 00:00:06

Health: -1/17      AC:  8    Str: 11    XL:     2   Next: 87%
Magic:  6/6        EV:  9    Int: 13    God:
Gold:   48         SH:  0    Dex: 19    Spells: 5/5 levels left

rFire   . . .      SeeInvis .   Y - +0 hand axe
rCold   + . .      Faith    .   (no shield)
rNeg    . . .      Spirit   .   i - +0 scale mail
rPois   .          Reflect  .   (helmet restricted)
rElec   .          Harm     .   j - +0 cloak
rCorr   .          Rampage  .   f - +0 pair of gloves
Will    .....                   (boots unavailable)
Stlth   ..........              (no amulet)
HPRegen 0.05/turn               g - ring of protection from cold
MPRegen 0.10/turn               k - +6 ring of dexterity

@: lethally poisoned (-1 -> -10)
A: beak, talons 3
a: no special abilities


You were on level 1 of the Dungeon.
You visited 1 branch of the dungeon, and saw 1 of its levels.

You collected 48 gold pieces.


Innate Abilities, Weirdness & Mutations

You have a beak for a mouth.
You have claws for feet.


   Skills:
 - Level 2.0 Fighting
 + Level 3.6 Axes
 - Level 1.0 Throwing
 - Level 1.1 Armour
 - Level 2.1 Dodging
 - Level 2.0 Spellcasting
 - Level 2.4 Translocations


You had 5 spell levels left.
You didn't know any spells.
Your spell library contained the following spells:

 Spells                   Type           Power      Damage    Failure   Level
 Blink                    Tloc           14%        N/A       65%         2
 Gell's Gravitas          Tloc           7%         N/A       86%         3
 Lesser Beckoning         Tloc           7%         N/A       86%         3
 Teleport Other           Tloc           7%         N/A       86%         3
 Manifold Assault         Tloc           7%         N/A       100%        5

Inventory:

Hand Weapons
 d - a +0 mace
 Y - a +0 hand axe (weapon)
Armour
 f - a +0 pair of gloves (worn)
 i - a +0 scale mail (worn)
 j - a +0 cloak (worn)
Jewellery
 g - a ring of protection from cold (left hand)
 k - a +6 ring of dexterity (right hand)
Potions
 m - a potion of attraction {unknown}

Dungeon Overview and Level Annotations

Branches:
Dungeon (1/15)

Altars:


Message History

1469 ||| UPGRADING to +6 ring of dexterity.
You feel agile.
k - a +6 ring of dexterity (right hand) Done exploring.
1470 ||| READING scroll labelled GEM VOWAUNA.
As you read the scroll labelled GEM VOWAUNA, it crumbles to dust.
You feel momentarily disoriented.
It was a scroll of magic mapping.
Done exploring.
1471 ||| READING scroll labelled BEUGALUQOO.
As you read the scroll labelled BEUGALUQOO, it crumbles to dust.
The air around you briefly surges with heat, but it dissipates.
It was a scroll of immolation.
Done exploring.
1472 ||| READING scroll labelled ZONE KAEQODGH.
The air fills with toxic fumes!
As you read the scroll labelled ZONE KAEQODGH, it crumbles to dust.
It was a scroll of poison.
Done exploring.
1473 ||| DROPPING scroll of blinking.
You drop a scroll of blinking.
Done exploring.
(D) Dungeon
Where to? (* - list waypoints, ? - help)
What level of the Dungeon? (default 1, ? - help) Sorry, I don't know how to get there.
Done exploring.
1474 ||| Stepping randomly (stuck).
Really walk into that cloud of poison gas?
You are engulfed in poison gas.
You are lethally poisoned!
You feel very sick.
1475 ||| Stepping ~*~*~tactically~*~*~ (cloud).
You feel very sick.
Things that are here:
a scroll of blinking; a +0 leather armour
There is a lethal amount of poison in your body!
You feel very sick.
There is a lethal amount of poison in your body!
You feel very sick.
There is a lethal amount of poison in your body!
You die...

###### ########
#..... #@0¤0¤¤#
#.#### #¤####.#
#.#### #¤# #.#
###....#
#¤####.####.......
#¤#.........#....#
#¤#.##.######...##
#¤#.##.# #.....#
#¤#.##.# ##.....
#......# ##.###


There were no monsters in sight!

Vanquished Creatures
  2 dart slugs (D:1)
  A bat (D:1)
  3 endoplasms (D:1)
  A hobgoblin (D:1)
  A quokka (D:1)
  3 frilled lizards (D:1)
  2 goblins (D:1)
  2 kobolds (D:1)
  2 rats (D:1)
17 creatures vanquished.

Notes
Turn   | Place    | Note
-------+----------+-------------------------------------------
     0 | D:1      | qw the Tengu Warper began the quest for the Orb.
     0 | D:1      | Reached XP level 1. HP: 12/12 MP: 4/4
     0 | D:1      | 0 ||| qw: Version: 0.1-a-89-g26bdef1
     0 | D:1      | 0 ||| qw: Game counter: 1057
     0 | D:1      | 0 ||| qw: Always use a shield: true
     0 | D:1      | 0 ||| qw: God list: Okawaru
     0 | D:1      | 0 ||| qw: Allow faded altars: false
     0 | D:1      | 0 ||| qw: Do Orc after D:15 true
     0 | D:1      | 0 ||| qw: Do second Lair branch before Depths: true
     0 | D:1      | 0 ||| qw: Lair rune preference: random
     0 | D:1      | 0 ||| qw: Plans: Normal
     0 | D:1      | 0 ||| PLANNING D:1-11
    90 | D:1      | 90 ||| Stepping ~*~*~tactically~*~*~ (stealth).
   184 | D:1      | Reached skill level 3 in Axes
   184 | D:1      | Reached XP level 2. HP: 10/17 MP: 6/6
   314 | D:1      | 314 ||| Stepping ~*~*~tactically~*~*~ (stealth).
   332 | D:1      | 332 ||| Stepping ~*~*~tactically~*~*~ (stealth).
   858 | D:1      | 858 ||| Stepping ~*~*~tactically~*~*~ (stealth).
  1447 | D:1      | 1447 ||| UPGRADING to +0 pair of gloves.
  1452 | D:1      | 1452 ||| UPGRADING to +0 scale mail.
  1462 | D:1      | 1462 ||| DROPPING +0 leather armour.
  1463 | D:1      | 1463 ||| UPGRADING to +0 cloak.
  1468 | D:1      | 1468 ||| UPGRADING to ring of protection from cold.
  1469 | D:1      | 1469 ||| UPGRADING to +6 ring of dexterity.
  1470 | D:1      | 1470 ||| READING scroll labelled GEM VOWAUNA.
  1471 | D:1      | 1471 ||| READING scroll labelled BEUGALUQOO.
  1472 | D:1      | 1472 ||| READING scroll labelled ZONE KAEQODGH.
  1473 | D:1      | 1473 ||| DROPPING scroll of blinking.
  1474 | D:1      | 1474 ||| Stepping randomly (stuck).
  1475 | D:1      | 1475 ||| Stepping ~*~*~tactically~*~*~ (cloud).
  1476 | D:1      | HP: 4/17 [poisoned by you (poison gas)]
  1477 | D:1      | HP: 1/17 [poisoned by you (poison gas)]
  1478 | D:1      | Succumbed to their own poison gas

Levels and vault maps discovered:
D:1:      minmay_arrival_four_circles, layout_loops_corners, serial_glass,
          glass_columns_a, glass_columns_b, minmay_liquid_box, minmay_tripent

Skill      XL: |  1 |
---------------+----+-----
Axes           | 3 |  3.6
Fighting       | |  2.0
Throwing       | |  1.0
Armour         | |  1.1
Dodging        | |  2.1
Spellcasting   | |  2.0
Translocations | |  2.4

Action                   || total
-------------------------++-------
Melee: Hand axe          ||    43
       Kick              ||     8
       Peck              ||     2
Throw: Boomerang         ||     7
  Use: Scroll            ||     3
Armor: Leather armour    ||     5
Dodge: Dodged            ||    18

Table legend:
 A = Non-vault XP
 B = Vault XP
 C = Vault XP percentage of total XP
 D = Non-vault monster count
 E = Vault monster count
 F = Vault count percentage of total count
                 A         B        C        D         E       F
            +---------+---------+-------+---------+---------+-------
      Total |      25 |       6 |  19.4 |      15 |       2 |  11.8
            +---------+---------+-------+---------+---------+-------
        D:1 |      25 |       6 |  19.4 |      15 |       2 |  11.8
            +---------+---------+-------+---------+---------+-------
